 Dungeon Crawl Stone Soup version 0.31-a0-692-gf03d1854d5 (webtiles) character file.

Game seed: 9683870645977986826

7 qw the Shooter (level 2, -1/17 HPs)
             Began as a Gargoyle Hunter on Sept 6, 2023.
             Slain by a ball python (3 damage)
             ... on level 1 of the Dungeon.
             The game lasted 00:00:06 (38 turns).

qw the Shooter (Gargoyle Hunter)                      Turns: 38, Time: 00:00:06

Health: -1/17      AC:  5    Str: 14    XL:     2   Next: 0%
Magic:  2/2        EV:  8    Int:  9    God:
Gold:   0          SH:  0    Dex: 13    Spells: 1/1 levels left

rFire   . . .        a - +0 shortbow
rCold   . . .        (shield currently unavailable)
rNeg    + . .        c - +0 leather armour
rPois   inf          (no helmet)
rElec   +            (no cloak)
rCorr   .            (no gloves)
SInv    .            (no boots)
Will    .....        (no amulet)
Stlth   +            (no ring)
HPRegen 0.22/turn    (no ring)
MPRegen 0.08/turn

%: no passive effects
@: constricted
A: sickness immunity, AC +2, negative energy resistance 1, electricity
resistance, torment resistance 1, petrification resistance
a: no special abilities


You were on level 1 of the Dungeon.
You visited 1 branch of the dungeon, and saw 1 of its levels.


Innate Abilities, Weirdness & Mutations

You are immune to sickness and miasma.
Your stone body is resilient. (AC +2)
You are immune to poison.
You resist negative energy. (rN+)
You are resistant to electric shocks. (rElec)
You are resistant to unholy torment.
You are immune to petrification.


   Skills:
 - Level 2.1 Fighting
 + Level 4.4 Ranged Weapons
 - Level 1.5 Dodging
 - Level 1.1 Stealth


You had one spell level left.
You didn't know any spells.
Your spell library was empty.

Inventory:

Hand Weapons
 a - a +0 shortbow (weapon)
Armour
 c - a +0 leather armour (worn)

Dungeon Overview and Level Annotations

Branches:
Dungeon (1/15)

Altars:


Message History

You shoot an arrow. The arrow barely misses the kobold.
The arrow closely misses the bat.
The kobold barely misses you.
32 |||
Found retreat position at -2,1 (floor) with 0 blocking monsters and 1 monsters attacking at destination at distance 2
32 ||| Stepping ~*~*~tactically~*~*~ (retreating).
The kobold attacks as it pursues you! The kobold completely misses you.
You shoot an arrow. The arrow hits the kobold.
The kobold is heavily wounded.
The kobold hits you but does no damage.
You shoot an arrow.
The arrow hits the kobold but does no damage.
The kobold is heavily wounded.
The kobold hits you but does no damage.
The hobgoblin hits you but does no damage.
You shoot an arrow.
The arrow hits the kobold but does no damage.
The kobold is heavily wounded.
The kobold hits you but does no damage.
The hobgoblin hits you but does no damage.
You shoot an arrow. The arrow hits the kobold.
You kill the kobold!
The bat hits you but does no damage.
The ball python bites you but does no damage.
The ball python closely misses you. The hobgoblin barely misses you.
The ball python barely misses you. x2
You have reached level 2!
You shoot an arrow. The arrow barely misses the hobgoblin.
The arrow closely misses the bat.
The bat barely misses you.
The hobgoblin hits you but does no damage.
The ball python bites you. The ball python grabs you.
The ball python constricts you.
The hobgoblin hits you but does no damage.
The hobgoblin hits you.
You shoot an arrow.
The arrow barely misses the ball python.
The ball python barely misses you. The ball python constricts you.
The hobgoblin hits you but does no damage.
The hobgoblin closely misses you. The ball python bites you.
You die...

#..........$.#..
#.....$....#...
............## .
#...........####
..#.......#......#.
........)#.#.......
.......b#...#......
...#####g.?..#####.
....#..@g.......#..
.....#..S......#$..
.....#....<....#..#
....#.$.........#.?
.$.#####.....#####.
>.......#...#......
.........#.#......
..........#..#.##.
.....#...##.#


You could see 2 hobgoblins, a bat and a ball python.

Vanquished Creatures
  2 endoplasms (D:1)
  A hobgoblin (D:1)
  2 kobolds (D:1)
  A rat (D:1)
6 creatures vanquished.

Notes
Turn   | Place    | Note
-------+----------+-------------------------------------------
     0 | D:1      | qw the Gargoyle Hunter began the quest for the Orb.
     0 | D:1      | Reached XP level 1. HP: 12/12 MP: 1/1
     0 | D:1      | 0 ||| qw: Version: 0.3-a-76-g4403597
     0 | D:1      | 0 ||| qw: Game counter: 175
     0 | D:1      | 0 ||| qw: Melee chars always use a shield: true
     0 | D:1      | 0 ||| qw: God list: Okawaru
     0 | D:1      | 0 ||| qw: Allow faded altars: false
     0 | D:1      | 0 ||| qw: Do Orc after clearing Dungeon:15 true
     0 | D:1      | 0 ||| qw: Do second Lair branch before Depths: true
     0 | D:1      | 0 ||| qw: Lair rune preference: random
     0 | D:1      | 0 ||| qw: Goals: Normal
     0 | D:1      | 0 ||| PLANNING D:1-11
     3 | D:1      | 3 ||| DROPPING scroll of butterflies.
    12 | D:1      | 12 ||| Stepping ~*~*~tactically~*~*~ (retreating).
    13 | D:1      | 13 ||| Stepping ~*~*~tactically~*~*~ (retreating).
    14 | D:1      | 14 ||| Stepping ~*~*~tactically~*~*~ (retreating).
    15 | D:1      | 15 ||| Stepping ~*~*~tactically~*~*~ (retreating).
    16 | D:1      | 16 ||| Stepping ~*~*~tactically~*~*~ (retreating).
    17 | D:1      | 17 ||| Stepping ~*~*~tactically~*~*~ (retreating).
    28 | D:1      | 28 ||| Stepping ~*~*~tactically~*~*~ (retreating).
    29 | D:1      | 29 ||| Stepping ~*~*~tactically~*~*~ (retreating).
    30 | D:1      | 30 ||| Stepping ~*~*~tactically~*~*~ (retreating).
    30 | D:1      | HP: 1/12 [kobold/+0 dagger (3)]
    32 | D:1      | 32 ||| Stepping ~*~*~tactically~*~*~ (retreating).
    37 | D:1      | Reached XP level 2. HP: 4/17 MP: 2/2
    37 | D:1      | HP: 3/17 [ball python (1)]
    38 | D:1      | Slain by a ball python

Levels and vault maps discovered:
D:1:      scummos_arrival_star, layout_rooms

Action                     || total
---------------------------++-------
   Fire: Shortbow          ||    24
 Armour: Leather armour    ||    38
  Dodge: Dodged            ||    32

Table legend:
 A = Non-vault XP
 B = Vault XP
 C = Vault XP percentage of total XP
 D = Non-vault monster count
 E = Vault monster count
 F = Vault count percentage of total count
                 A         B        C        D         E       F
            +---------+---------+-------+---------+---------+-------
      Total |      10 |       0 |   0.0 |       6 |       0 |   0.0
            +---------+---------+-------+---------+---------+-------
        D:1 |      10 |       0 |   0.0 |       6 |       0 |   0.0
            +---------+---------+-------+---------+---------+-------
